 Dungeon Crawl Stone Soup version 0.20.0-15-g7f486f2 (webtiles) character file.

364 TheBoneZone the Ruffian (level 6, 0/91 HPs)
             Began as a Troll Monk on June 13, 2017.
             Slain by an orc
             ... wielding a +0 mace
              (5 damage)
             ... on level 3 of the Dungeon.
             The game lasted 00:11:37 (1699 turns).

TheBoneZone the Ruffian (Troll Monk)                Turns: 1699, Time: 00:11:37

Health: 0/91       AC:  5    Str: 26    XL:     6   Next: 39%
Magic:  5/5        EV: 11    Int:  6    God:
Gold:   83         SH:  0    Dex: 13    Spells: 5/5 levels left

rFire    . . .     SeeInvis .     - Unarmed
rCold    . . .     Gourm    +   (no shield)
rNeg     . . .     Faith    .   a - +0 robe
rPois    .         Spirit   .   (helmet restricted)
rElec    .         Reflect  .   (no cloak)
rCorr    +         Harm     .   (gloves unavailable)
MR       .....                  (boots unavailable)
Stlth    ..........             (no amulet)
Regen    0.7/turn               i - ring of resist corrosion
MPRegen  0.1/turn               (no ring)

@: berserking, very quick
A: unfitting armour, claws 3, fast metabolism 3, gourmand, regeneration 1,
shaggy fur 1, tough skin 2
a: no special abilities


You were on level 3 of the Dungeon.
You were very full.

You visited 1 branch of the dungeon, and saw 3 of its levels.

You collected 83 gold pieces.

Inventory:

Hand Weapons
 c - a +0 dagger
Armour
 a - a +0 robe (worn)
Jewellery
 i - a ring of resist corrosion (left claw)
Wands
 d - a wand of flame (22/48)
 l - a wand of digging (9/24)
Scrolls
 e - 2 scrolls of teleportation
 f - a scroll of identify
 g - 4 scrolls of remove curse
Potions
 k - a potion of cancellation {unknown}
 m - a potion of degeneration {unknown}
Comestibles
 b - 5 bread rations
 j - a meat ration


   Skills:
 + Level 3.0 Fighting
 + Level 3.8 Dodging
 + Level 2.0 Stealth
 + Level 5.0 Unarmed Combat


You had 5 spell levels left.
You didn't know any spells.

Dungeon Overview and Level Annotations

Branches:
Dungeon (3/15)

Altars:
Qazlal
Sif Muna
The Shining One


Innate Abilities, Weirdness & Mutations

You are too large for most types of armour.
You have claws for hands.
Your metabolism is lightning-fast.
You like to eat raw meat.
Your natural rate of healing is unusually fast.
You are covered in fur. (AC +1)
You have very tough skin. (AC +2)


Message History

* * * LOW HITPOINT WARNING * * *
The orc closely misses you. Something hits you but does no damage.
There is a stone staircase leading down, spattered with blood here.
You see here a club.
You scratch the orc.
You kill the orc!
Something hits you but does no damage.
The hobgoblin shouts!
The orc barely misses you. The orc hits you with a flail!
* * * LOW HITPOINT WARNING * * *
You see here the felid corpse of Natasha.
You mangle the orc!!
You kill the orc!
Something hits you.
* * * LOW HITPOINT WARNING * * *
You claw the orc!
You kill the orc!
Something hits you but does no damage.
You barely miss the orc. The orc hits you with a mace.
You die...

*,***,,,,,,*,,,,,.,#....*#######
*,***,*,**,*,,,,,..###..##......
*,,,,,,,**,*,,,..,.oo...........
*****,**,,,*,,,..h#o........[...
*,*#,*,*,,,..o#.##.##.######
*,##.#,*,,,,,.........#
*,.....####**##.####.(#
**,#.....$#####.......#
*,#.#....>@o........(#
*,#....#.##)......#(##
*,#.#.##.##.$.....#.######
*.....,..##(.............##
*####*#####.......##......#
#....g..#........
#..$..<.#........
######.##......#. #).....#..#.


You could see an orc and a hobgoblin.

Vanquished Creatures
  The ghost of NoAnimeNoLife the Skirmisher, a weakling MiFi (D:3)
  2 orc priests (D:3)
  An orc wizard (D:3)
  Natasha (thrice) (D:3)
  A gnoll (D:1)
  5 adders
  2 worms
  2 dart slugs
  A leopard gecko (D:2)
  17 orcs (D:3)
  A giant cockroach (D:1)
  9 goblins
  4 hobgoblins
  7 jackals
  A quokka (D:2)
  2 ball pythons
  6 bats
  2 frilled lizards
  7 kobolds
  3 rats (D:2)
77 creatures vanquished.

Notes
Turn   | Place    | Note
-------+----------+-------------------------------------------
     0 | D:1      | TheBoneZone the Troll Monk began the quest for the Orb.
     0 | D:1      | Reached XP level 1. HP: 22/22 MP: 0/0
    56 | D:1      | Reached XP level 2. HP: 27/29 MP: 1/1
   326 | D:1      | Reached XP level 3. HP: 29/36 MP: 2/2
   691 | D:2      | Found a glowing golden altar of the Shining One.
   704 | D:2      | Reached skill level 4 in Unarmed Combat
   704 | D:2      | Reached XP level 4. HP: 28/44 MP: 3/3
   967 | D:2      | Found a stormy altar of Qazlal.
  1115 | D:3      | Reached XP level 5. HP: 32/52 MP: 4/4
  1304 | D:3      | Noticed Natasha
  1371 | D:3      | Killed Natasha
  1398 | D:3      | Found a deep blue altar of Sif Muna.
  1538 | D:3      | Noticed NoAnimeNoLife's ghost (weakling MiFi)
  1546 | D:3      | HP: 1/53 [NoAnimeNoLife's ghost (16)]
  1606 | D:3      | Killed NoAnimeNoLife's ghost
  1606 | D:3      | Reached XP level 6. HP: 29/61 MP: 5/5
  1643 | D:3      | Noticed Natasha
  1649 | D:3      | Killed Natasha
  1664 | D:3      | Noticed Natasha
  1678 | D:3      | Killed Natasha
  1690 | D:3      | Reached skill level 5 in Unarmed Combat
  1697 | D:3      | HP: 4/91 [something (2)]
  1699 | D:3      | Slain by an orc

Skill      XL: |  1  2  3  4  5  6 |
---------------+-------------------+-----
Dodging        | 3 |  3.8
Unarmed Combat | 4 5 |  5.0
Fighting       | 3 |  3.0
Stealth        | 2 |  2.0

Action                   |  1- 3 |  4- 6 || total
-------------------------+-------+-------++-------
Melee: Unarmed           |    96 |   141 ||   237
       Punch             |       |     3 ||     3
  Use: Scroll            |     6 |     2 ||     8
       Potion            |     3 |     1 ||     4
 Stab: Sleeping          |     2 |     4 ||     6
  Eat: Chunk             |     9 |    10 ||    19
Armor: Robe              |    46 |    48 ||    94
Dodge: Dodged            |    53 |    72 ||   125
